 Dungeon Crawl Stone Soup version 0.29.1-12-g30fa7ad0bf (webtiles) character file.

Game seed: 10451850057924622021

65 LustLizard the Shooter (level 3, -6/18 HPs)
             Began as a Spriggan Hunter on Dec 25, 2022.
             Killed by nerve-wracking pain
             ... invoked by Jessica
              (12 damage)
             ... on level 2 of the Dungeon.
             The game lasted 00:01:39 (1129 turns).

LustLizard the Shooter (Spriggan Hunter)            Turns: 1129, Time: 00:01:39

Health: -6/18      AC:  2    Str:  7    XL:     3   Next: 94%
Magic:  4/4        EV: 18    Int: 10    God:
Gold:   64         SH:  0    Dex: 20    Spells: 2/2 levels left

rFire   . . .      SeeInvis +   a - +0 shortbow
rCold   . . .      Faith    .   (shield currently unavailable)
rNeg    . . .      Spirit   .   c - +0 robe
rPois   .          Reflect  .   (helmet restricted)
rElec   .          Harm     .   (no cloak)
rCorr   .          Rampage  .   (gloves unavailable)
Will    .....                   (boots unavailable)
Stlth   +++.......              (no amulet)
HPRegen 0.06/turn               (no ring)
MPRegen 0.09/turn               (no ring)

@: very quick
A: very small, no large weapons, unfitting armour, see invisible, speed 3
a: no special abilities


You were on level 2 of the Dungeon.
You visited 1 branch of the dungeon, and saw 2 of its levels.

You collected 64 gold pieces.

Inventory:

Hand Weapons
 a - a +0 shortbow (weapon)
Armour
 c - a +0 robe (worn)
Scrolls
 b - a scroll of immolation
 d - a scroll of poison {unknown}
 e - a scroll of teleportation {unknown}
 f - a scroll of identify {unknown}
 h - a scroll of vulnerability {unknown}
Potions
 g - a potion of mutation {unknown}


   Skills:
 - Level 1.5 Fighting
 * Level 5.2 Ranged Weapons
 - Level 2.6 Dodging
 + Level 3.1 Stealth


You had 2 spell levels left.
You didn't know any spells.
Your spell library was empty.

Dungeon Overview and Level Annotations

Branches:
Dungeon (2/15)

Altars:
Xom

Annotations:
D:2 Jessica


Innate Abilities, Weirdness & Mutations

You are very small and have problems with some larger weapons.
You are too small for most types of armour.
You have supernaturally acute eyesight. (SInv)
You cover ground extremely quickly. (Speed+++)


Message History

You see here a book of Frost.
You shoot an arrow. The arrow hits Jessica.
Jessica is severely wounded.
Jessica drinks a potion.
Jessica flickers and vanishes for a moment.
You shoot an arrow. The arrow barely misses Jessica.
Jessica gestures wildly while chanting.
Jessica seems to speed up.
You shoot an arrow. The arrow closely misses Jessica.
Jessica completely misses you. Jessica closely misses you.
You shoot an arrow. The arrow closely misses Jessica.
Jessica hits you with a +0 dagger. Jessica completely misses you.
You shoot an arrow. The arrow completely misses Jessica.
Jessica gestures at you while chanting. Pain shoots through your body!
Ouch! That really hurt!
* * * LOW HITPOINT WARNING * * *
Jessica misses you.
You are too injured to fight recklessly!
Jessica mumbles some strange words.
Jessica blinks!
Fire: a) +0 shortbow
Press: ? - help, Q - select action Shift-Dir - straight line, f/p - Jessica
Aim: Jessica, wielding a +0 dagger and wearing a +0 robe (severely wounded, fast, slightly transparent, 64% to hit)
You shoot an arrow. The arrow closely misses Jessica.
Unknown command.
Fire: a) +0 shortbow
Press: ? - help, Q - select action Shift-Dir - straight line, f/p - Jessica
Aim: Jessica, wielding a +0 dagger and wearing a +0 robe (severely wounded, fast, slightly transparent, 64% to hit)
You shoot an arrow. The arrow closely misses Jessica.
Unknown command.
Fire: a) +0 shortbow
Press: ? - help, Q - select action Shift-Dir - straight line, f/p - Jessica
Aim: Jessica, wielding a +0 dagger and wearing a +0 robe (severely wounded, fast, slightly transparent, 64% to hit)
Okay, then.
Jessica says, "I'm really upset."
Jessica gestures at you while chanting. Pain shoots through your body!
Ouch! That really hurt!
You die...

#. #.# #. #.# #. #.#
#. #.# #. #.#####
##.#######.#...#####
+..:.......@......>#
##.#######.#...###.#
#. #.#.@.# #.# #.
#.#...###.# ##
#.+...+...#
###...###.# #####
#.# ###.#
#######...#
#........##
#........#


You could see Jessica (fast, invisible).

Vanquished Creatures
  An iguana (D:2)
  A worm (D:2)
  2 dart slugs (D:1)
  3 endoplasms
  A giant cockroach (D:1)
  4 goblins (D:1)
  3 hobgoblins (D:1)
  5 kobolds
  2 quokkas
  6 ball pythons (D:1)
  A frilled lizard (D:1)
  3 rats (D:1)
32 creatures vanquished.

Notes
Turn   | Place    | Note
-------+----------+-------------------------------------------
     0 | D:1      | LustLizard the Spriggan Hunter began the quest for the Orb.
     0 | D:1      | Reached XP level 1. HP: 10/10 MP: 2/2
   122 | D:1      | Reached XP level 2. HP: 8/14 MP: 3/3
   688 | D:1      | Reached XP level 3. HP: 18/18 MP: 4/4
   927 | D:2      | Reached skill level 5 in Ranged Weapons
  1060 | D:2      | Found a shimmering altar of Xom.
  1112 | D:2      | Noticed Jessica
  1129 | D:2      | Killed from afar by Jessica

Illustrated notes

Levels and vault maps discovered:
D:1:      ncdulo_wetmaze, layout_loops_ring
D:2:      layout_basic, basic_altar, chequers_ecumenical_altar_lobes,
          uniq_jessica

Skill      XL: |  1  2  3 |
---------------+----------+-----
Stealth        | 2 3 |  3.1
Ranged Weapons | 5 |  5.2
Fighting       | |  1.5
Dodging        | |  2.6

Action                   || total
-------------------------++-------
 Fire: Shortbow          ||    87
Armor: Robe              ||     1
Dodge: Dodged            ||    29
